3L
SEATTLE AVIATORS @ MONTANA PANDAS
08/10/2029
 
TOP OF THE 1ST
Seattle Aviators batting - Pitching for Montana Pandas : LHP Lorenzo Sánchez
Pitching: LHP Lorenzo Sánchez
Batting: RHB Bartolo Rosas 0-0: SINGLE (Groundball, 56D)
Batting: RHB José Rodríguez 0-0: Swinging Strike
0-1: Ball
Wild Pitch!
Bartolo Rosas to second
1-1: Ball
2-1: SINGLE (Line Drive, 8LM)
Bartolo Rosas to third
Runner from 3rd tries for Home, SAFE, no throw
Batting: LHB Jorge Mojica 0-0: Ball
1-0: Called Strike
1-1: Ball
2-1: Swinging Strike
2-2: Grounds into double play, 4-6-3 (Groundball, 34)
Batting: RHB Byron Isaacson 0-0: Ball
1-0: Ball
2-0: Called Strike
2-1: Swinging Strike
2-2: Strikes out looking
Top of the 1st over - 1 run, 2 hits, 0 errors, 0 left on base; Seattle 1 - Montana 0
BOTTOM OF THE 1ST
Montana Pandas batting - Pitching for Seattle Aviators : RHP Seong-rae Park
Pitching: RHP Seong-rae Park
Batting: LHB Roberto Fierro 0-0: Called Strike
0-1: Ball
1-1: Foul Ball, location: 2F
1-2: Ball
2-2: Foul Ball, location: 2F
2-2: Ball
3-2: Foul Ball, location: 2F
3-2: Foul Ball, location: 2F
3-2: DOUBLE (Groundball, 3L)
Batting: LHB José León 0-0: Ground out 4-3 (Groundball, 4)
Roberto Fierro to third
Batting: LHB Enrique Ortega 0-0: Called Strike
0-1: Ball
1-1: Ball
2-1: Fly out, F7 (Flyball, 7)
Runner from 3rd tags up, SCORES, no throw
Batting: LHB José Ruíz 0-0: Ball
1-0: Foul Ball, location: 2F
1-1: Swinging Strike
1-2: Foul Ball, location: 2F
1-2: Strikes out swinging
Bottom of the 1st over - 1 run, 1 hit, 0 errors, 0 left on base; Seattle 1 - Montana 1
TOP OF THE 2ND
Seattle Aviators batting - Pitching for Montana Pandas : LHP Lorenzo Sánchez
Batting: LHB Kenny Webster 0-0: Ball
1-0: Foul Ball, location: 2F
1-1: Foul Ball, location: 2F
1-2: Fly out, F3 (Popup, 3S)
Batting: RHB Seon-keun Kim 0-0: Fly out, F5 (Line Drive, 56)
Batting: LHB Pedro Corona 0-0: Ball
1-0: Ground out 6-3 (Groundball, 6)
Top of the 2nd over - 0 runs, 0 hits, 0 errors, 0 left on base; Seattle 1 - Montana 1
BOTTOM OF THE 2ND
Montana Pandas batting - Pitching for Seattle Aviators : RHP Seong-rae Park
Batting: LHB Chris McKinney 0-0: Called Strike
0-1: Fly out, F5 (Popup, 6)
Batting: LHB António Ramos 0-0: Called Strike
0-1: Ball
1-1: Foul Ball, location: 2F
1-2: SINGLE (Flyball, 89S)
Batting: RHB Pau Arria 0-0: Ball
1-0: Foul Ball, location: 2F
1-1: Foul Ball, location: 2F
1-2: Ball
2-2: Ground out 5-3 (Groundball, 56S)
António Ramos to second
Batting: RHB Phil Sherman 0-0: Foul Ball, location: 2F
0-1: Ball
1-1: Ball
2-1: Ball
3-1: Base on Balls
Batting: RHB John MacGregor 0-0: Called Strike
0-1: Swinging Strike
0-2: Ball
1-2: Ball
2-2: Ground out 4-3 (Groundball, 4)
Bottom of the 2nd over - 0 runs, 1 hit, 0 errors, 2 left on base; Seattle 1 - Montana 1
TOP OF THE 3RD
Seattle Aviators batting - Pitching for Montana Pandas : LHP Lorenzo Sánchez
Batting: RHB Patrick Eggen 0-0: Called Strike
0-1: Swinging Strike
0-2: Ball
1-2: Strikes out swinging
Batting: LHB Jorge Ortíz 0-0: Ball
1-0: Called Strike
1-1: Swinging Strike
1-2: Ball
2-2: SINGLE (Groundball, 25) (infield hit)
Batting: RHB Bartolo Rosas 0-0: Called Strike
Jorge Ortíz steals 2nd base
0-1: Fly out, F7 (Flyball, 78S)
Batting: RHB José Rodríguez 0-0: Called Strike
0-1: Ball
1-1: Swinging Strike
1-2: Ball
2-2: Foul Ball, location: 2F
2-2: Ground out 3-1 (Groundball, 34)
Top of the 3rd over - 0 runs, 1 hit, 0 errors, 1 left on base; Seattle 1 - Montana 1
BOTTOM OF THE 3RD
Montana Pandas batting - Pitching for Seattle Aviators : RHP Seong-rae Park
Batting: LHB Roberto Fierro 0-0: Ball
1-0: Ball
2-0: Ball
3-0: Base on Balls
Batting: LHB José León 0-0: Fielders Choice at 2nd, 6-4 (Groundball, 6)
Batting: LHB Enrique Ortega 0-0: Ground out 4-3 (Groundball, 4S)
José León to second
Batting: LHB José Ruíz 0-0: Ball
1-0: Called Strike
1-1: Called Strike
1-2: Foul Ball, location: 2F
1-2: Ground out U3 (Groundball, 3)
Bottom of the 3rd over - 0 runs, 0 hits, 0 errors, 1 left on base; Seattle 1 - Montana 1
TOP OF THE 4TH
Seattle Aviators batting - Pitching for Montana Pandas : LHP Lorenzo Sánchez
Batting: LHB Jorge Mojica 0-0: Called Strike
0-1: Swinging Strike
0-2: Foul Ball, location: 2F
0-2: Ball
1-2: SINGLE (Line Drive, 8RS)
Batting: RHB Byron Isaacson 0-0: Called Strike
0-1: 2-RUN HOME RUN (Flyball, 7D), Distance : 356 ft
Batting: LHB Kenny Webster 0-0: Foul Ball, location: 2F
0-1: Ball
1-1: Ball
2-1: Ground out 4-3 (Groundball, 4)
Batting: RHB Seon-keun Kim 0-0: Foul Ball, location: 2F
0-1: Fly out, F7 (Line Drive, 7LM)
Batting: LHB Pedro Corona 0-0: Ball
1-0: Ball
2-0: Foul Ball, location: 2F
2-1: Swinging Strike
2-2: Foul Ball, location: 2F
2-2: Strikes out swinging
Top of the 4th over - 2 runs, 2 hits, 0 errors, 0 left on base; Seattle 3 - Montana 1
BOTTOM OF THE 4TH
Montana Pandas batting - Pitching for Seattle Aviators : RHP Seong-rae Park
Batting: LHB Chris McKinney 0-0: Called Strike
0-1: Swinging Strike
0-2: Foul Ball, location: 2F
0-2: Strikes out swinging
Batting: LHB António Ramos 0-0: Ball
1-0: Ball
2-0: Ground out 6-3 (Groundball, 6)
Batting: RHB Pau Arria 0-0: Ball
1-0: Ball
2-0: Called Strike
2-1: Ball
3-1: Called Strike
3-2: Ground out 1-3 (Groundball, 13)
Bottom of the 4th over - 0 runs, 0 hits, 0 errors, 0 left on base; Seattle 3 - Montana 1
TOP OF THE 5TH
Seattle Aviators batting - Pitching for Montana Pandas : LHP Lorenzo Sánchez
Batting: RHB Patrick Eggen 0-0: Ground out 3-1 (Groundball, 34S)
Batting: LHB Jorge Ortíz 0-0: Foul Ball, location: 2F
0-1: Called Strike
0-2: Ball
1-2: Ball
2-2: Strikes out swinging
Batting: RHB Bartolo Rosas 0-0: Ball
1-0: Swinging Strike
1-1: Ball
2-1: SINGLE (Line Drive, 34)
Batting: RHB José Rodríguez 0-0: Ball
1-0: Called Strike
1-1: Called Strike
1-2: Ball
2-2: Foul Ball, location: 2F
2-2: Ground out 6-3 (Groundball, 56)
Top of the 5th over - 0 runs, 1 hit, 0 errors, 1 left on base; Seattle 3 - Montana 1
BOTTOM OF THE 5TH
Montana Pandas batting - Pitching for Seattle Aviators : RHP Seong-rae Park
Batting: RHB Phil Sherman 0-0: Ball
1-0: Ball
2-0: Ball
3-0: Base on Balls
Batting: RHB John MacGregor 0-0: Ball
1-0: Foul Ball, location: 2F
1-1: Ground out 5-3 (Groundball, 56S)
Phil Sherman to second
Batting: LHB Roberto Fierro 0-0: Called Strike
0-1: Fly out, F6 (Line Drive, 6MD)
Batting: LHB José León 0-0: Called Strike
0-1: Ball
1-1: SINGLE (Groundball, 3) (infield hit)
Phil Sherman to third
Batting: LHB Enrique Ortega 0-0: Ball
1-0: SINGLE (Groundball, 34D)
Phil Sherman scores
José León to second
Runner from 2nd tries for 3rd, SAFE, no throw
Batting: LHB José Ruíz 0-0: Ball
1-0: Called Strike
1-1: Foul Ball, location: 2F
1-2: DOUBLE (Line Drive, 7LM)
José León scores
Enrique Ortega to third
Runner from 3rd tries for Home, SAFE, no throw
Batting: LHB Chris McKinney 0-0: Intentional Walk
Batting: LHB António Ramos 0-0: Ball
1-0: Foul Ball, location: 2F
1-1: Ball
2-1: Ground out 1-3 (Groundball, P)
Bottom of the 5th over - 3 runs, 3 hits, 0 errors, 2 left on base; Seattle 3 - Montana 4
TOP OF THE 6TH
Seattle Aviators batting - Pitching for Montana Pandas : LHP Lorenzo Sánchez
Batting: LHB Jorge Mojica 0-0: Ground out U3 (Groundball, 3)
Pitching: RHP Noburo Oishi
Batting: RHB Byron Isaacson 0-0: Swinging Strike
0-1: Called Strike
0-2: Strikes out swinging
Batting: LHB Kenny Webster 0-0: Called Strike
0-1: Ball
1-1: Ball
2-1: Ball
3-1: Foul Ball, location: 2F
3-2: Strikes out swinging
Top of the 6th over - 0 runs, 0 hits, 0 errors, 0 left on base; Seattle 3 - Montana 4
BOTTOM OF THE 6TH
Montana Pandas batting - Pitching for Seattle Aviators : RHP Seong-rae Park
Batting: RHB Pau Arria 0-0: Called Strike
0-1: Ball
1-1: Ball
2-1: Ball
3-1: Swinging Strike
3-2: Foul Ball, location: 2F
3-2: Fly out, F7 (Flyball, 78M)
Batting: RHB Phil Sherman 0-0: Called Strike
0-1: Ball
1-1: Ball
2-1: Called Strike
2-2: Foul Ball, location: 2F
2-2: Ball
3-2: Foul Ball, location: 2F
3-2: Foul Ball, location: 2F
3-2: Strikes out swinging
Batting: RHB John MacGregor 0-0: Ball
1-0: Ball
2-0: Ball
3-0: Called Strike
3-1: Foul Ball, location: 2F
3-2: Foul Ball, location: 2F
3-2: Strikes out swinging
Bottom of the 6th over - 0 runs, 0 hits, 0 errors, 0 left on base; Seattle 3 - Montana 4
TOP OF THE 7TH
Seattle Aviators batting - Pitching for Montana Pandas : RHP Noburo Oishi
Pitching: RHP Raúl Luna
Batting: RHB Seon-keun Kim 0-0: Called Strike
0-1: Called Strike
0-2: Strikes out swinging
Batting: LHB Pedro Corona 0-0: Ball
1-0: Fly out, F9 (Flyball, 9D)
Batting: RHB Patrick Eggen 0-0: Ball
1-0: SINGLE (Line Drive, 56)
Batting: LHB Jorge Ortíz 0-0: Ball
1-0: Called Strike
1-1: Ball
2-1: Foul Ball, location: 2F
2-2: Foul Ball, location: 2F
2-2: Strikes out looking
Top of the 7th over - 0 runs, 1 hit, 0 errors, 1 left on base; Seattle 3 - Montana 4
BOTTOM OF THE 7TH
Montana Pandas batting - Pitching for Seattle Aviators : RHP Seong-rae Park
Batting: LHB Roberto Fierro 0-0: Fly out, F7 (Flyball, 7S)
Batting: LHB José León 0-0: Ball
1-0: Ball
2-0: Ball
3-0: Base on Balls
Pitching: RHP José Muñóz
Batting: LHB Enrique Ortega 0-0: Called Strike
0-1: Ball
1-1: Ball
2-1: Fly out, F8 (Flyball, 89M)
Batting: LHB José Ruíz 0-0: Called Strike
0-1: Ball
1-1: Fly out, F9 (Line Drive, 89M)
Bottom of the 7th over - 0 runs, 0 hits, 0 errors, 1 left on base; Seattle 3 - Montana 4
TOP OF THE 8TH
Seattle Aviators batting - Pitching for Montana Pandas : RHP Raúl Luna
Batting: RHB Bartolo Rosas 0-0: Ball
1-0: Ball
2-0: Ground out 4-3 (Groundball, 4)
Batting: RHB José Rodríguez 0-0: DOUBLE (Line Drive, 78XD)
Batting: LHB Jorge Mojica 0-0: Called Strike
0-1: Called Strike
0-2: Ball
1-2: Strikes out swinging
Batting: RHB Byron Isaacson 0-0: Foul Ball, location: 2F
0-1: Ball
1-1: Foul Ball, location: 2F
1-2: Ball
2-2: Ball
3-2: Base on Balls
Pitching: RHP Jeff Territt
Batting: LHB Kenny Webster 0-0: Ball
1-0: Called Strike
1-1: Swinging Strike
1-2: Ball
2-2: SINGLE (Line Drive, 8RS)
José Rodríguez to third
Byron Isaacson to second
Runner from 3rd tries for Home, SAFE, throw made home
Batting: RHB Seon-keun Kim 0-0: Called Strike
0-1: Swinging Strike
0-2: Ground out 6-3 (Groundball, 6M)
Top of the 8th over - 1 run, 2 hits, 0 errors, 2 left on base; Seattle 4 - Montana 4
BOTTOM OF THE 8TH
Montana Pandas batting - Pitching for Seattle Aviators : RHP José Muñóz
Batting: LHB Chris McKinney 0-0: Swinging Strike
0-1: Ball
1-1: Ball
2-1: Ball
3-1: Foul Ball, location: 2F
3-2: Foul Ball, location: 2F
3-2: Foul Ball, location: 2F
3-2: Base on Balls
Batting: LHB António Ramos 0-0: Swinging Strike
0-1: Ball
1-1: Ball
2-1: Foul Ball, location: 2F
2-2: Strikes out swinging
Pinch Hitting: LHB Ned Durand 0-0: Ball
Wild Pitch!
Chris McKinney to second
1-0: Intentional Walk
Batting: RHB Phil Sherman 0-0: Ball
1-0: Ball
Wild Pitch!
Chris McKinney to third
Ned Durand to second
2-0: Swinging Strike
2-1: Foul Ball, location: 2F
2-2: Foul Ball, location: 2F
2-2: Foul Ball, location: 2F
2-2: Strikes out swinging
Pinch Hitting: LHB Francisco Ornelas 0-0: Intentional Walk
Batting: LHB Roberto Fierro 0-0: Called Strike
0-1: Fly out, F6 (Line Drive, 6M)
Bottom of the 8th over - 0 runs, 0 hits, 0 errors, 3 left on base; Seattle 4 - Montana 4
TOP OF THE 9TH
Seattle Aviators batting - Pitching for Montana Pandas : RHP Jeff Territt
Now at 3B: Chris Costa
Now at SS: Miguel Cruz
Batting: LHB Pedro Corona 0-0: SINGLE (Line Drive, 3D)
Pinch Runner at 1st Enrique Ibarra:
Batting: RHB Patrick Eggen 0-0: Sac Bunt - play at first, batter OUT! 2-4
Enrique Ibarra to second
Batting: LHB Jorge Ortíz 0-0: Ball
1-0: Ground out 5-3 (Groundball, 56)
Batting: RHB Bartolo Rosas 0-0: Foul Ball, location: 2F
0-1: Ball
1-1: Ground out 6-3 (Groundball, 6M)
Top of the 9th over - 0 runs, 1 hit, 0 errors, 1 left on base; Seattle 4 - Montana 4
BOTTOM OF THE 9TH
Montana Pandas batting - Pitching for Seattle Aviators : RHP José Muñóz
Now at SS: Enrique Ibarra
Batting: LHB José León 0-0: Called Strike
0-1: Called Strike
0-2: Ball
1-2: Ball
2-2: Foul Ball, location: 2F
2-2: Foul Ball, location: 2F
2-2: Ball
3-2: Ground out 5-3 (Groundball, 56)
Batting: LHB Enrique Ortega 0-0: Swinging Strike
0-1: DOUBLE (Line Drive, 9D)
Batting: LHB José Ruíz 0-0: Ball
1-0: Ball
2-0: Called Strike
2-1: Called Strike
2-2: Fly out, F8 (Flyball, 8RS)
Batting: LHB Chris McKinney 0-0: Intentional Walk
Batting: LHB António Ramos 0-0: Swinging Strike
0-1: Ball
1-1: Called Strike
1-2: Fly out, F8 (Flyball, 8LXD)
Bottom of the 9th over - 0 runs, 1 hit, 0 errors, 2 left on base; Seattle 4 - Montana 4
TOP OF THE 10TH
Seattle Aviators batting - Pitching for Montana Pandas : RHP Jeff Territt
Batting: RHB José Rodríguez 0-0: Called Strike
0-1: Called Strike
0-2: Ground out 1-3 (Groundball, 13)
Batting: LHB Jorge Mojica 0-0: Ground out 5-3 (Groundball, 56)
Batting: RHB Byron Isaacson 0-0: Foul Ball, location: 2F
0-1: Foul Ball, location: 2F
0-2: Ball
1-2: SOLO HOME RUN (Flyball, 89XD), Distance : 359 ft
Batting: LHB Kenny Webster 0-0: Ball
1-0: Called Strike
1-1: Swinging Strike
1-2: Foul Ball, location: 2F
1-2: Foul Ball, location: 2F
1-2: Ball
2-2: Reached on error, E4 (Line Drive, 4)
Batting: RHB Seon-keun Kim 0-0: Called Strike
0-1: Ball
1-1: Called Strike
1-2: Strikes out swinging
Top of the 10th over - 1 run, 1 hit, 1 error, 1 left on base; Seattle 5 - Montana 4
BOTTOM OF THE 10TH
Montana Pandas batting - Pitching for Seattle Aviators : RHP José Muñóz
Pitching: LHP Yajirobei Otomo
Batting: RHB Chris Costa 0-0: Ball
1-0: Fly out, F6 (Popup, 6)
Batting: RHB Phil Sherman 0-0: Called Strike
0-1: Ball
1-1: SINGLE (Line Drive, 8LM)
Batting: RHB Miguel Cruz 0-0: Foul Ball, location: 2F
0-1: Ball
1-1: Fly out, F1 (Line Drive, 13)
Batting: LHB Roberto Fierro 0-0: Called Strike
0-1: Ball
1-1: Swinging Strike
1-2: Strikes out swinging
Bottom of the 10th over - 0 runs, 1 hit, 0 errors, 1 left on base; Seattle 5 - Montana 4
Tuesday, December 19th, 2017 - OOTP Baseball 18.8 Build 76